[Event "ICC tourney 3188 (40 10)"]
[Site "Internet Chess Club"]
[Date "2023.05.06"]
[Round "4"]
[White "CHINNI, RISHABH:alphachesplayer"]
[Black "LIU, PATRICK PEIJUN:JunlinTheWorld"]
[Result "0-1"]
[ICCResult "White resigns"]
[WhiteElo "1987"]
[BlackElo "2203"]
[Opening "Sicilian: Taimanov variation"]
[ECO "B48"]
[NIC "SI.40"]
[Time "17:45:05"]
[PlyCount "126"]
[TimeControl "2400+10"]

1. e4 c5 2. Nf3 e6 3. d4 cxd4 4. Nxd4 Nc6 5. Nc3 Qc7 6. Be3 a6 7. Qd2 Nf6 8.
f3 Bb4 9. O-O-O d5 10. Bg5 Nxd4 11. Qxd4 Bxc3 12. Qxc3 Qxc3 13. bxc3 dxe4
14. Bxf6 gxf6 15. fxe4 Ke7 16. Be2 Bd7 17. Rhf1 Bc6 18. Rf4 Rhg8 19. g3 Rac8
20. Rdf1 Rg6 21. Bd3 e5 22. Rh4 h6 23. Rf5 Bd7 24. Rfh5 Rh8 25. Be2 Kf8 26.
Kd2 Kg7 27. g4 b5 28. a3 Be6 29. Rh3 Bxg4 30. Bxg4 Rxg4 31. Rg3 Rd8+ 32. Kc1
Rxg3 33. hxg3 Rc8 34. Kb2 Rc4 35. Rh4 f5 36. Rh5 Rxe4 37. Rxf5 Kg6 38. Rf2
Re3 39. g4 Re4 40. Rd2 Rxg4 41. Rd6+ f6 42. Rxa6 h5 43. Ra8 h4 44. Rh8 f5
45. Kc1 Kg5 46. Kd2 Kf4 47. Ke2 Kg3 48. Rh5 Rf4 49. Rg5+ Kh2 50. Rh5 h3 51.
Rg5 Kh1 52. Rg3 h2 53. Ke3 Rg4 54. Rf3 Kg2 55. Rf2+ Kg3 56. Rf3+ Kh4 57. Rf1
Rg1 58. Rxf5 h1=Q 59. Rxe5 Re1+ 60. Kd4 Qg1+ 61. Kd5 Rxe5+ 62. Kxe5 Qc5+ 63.
Ke4 Qxc3 {White resigns} 0-1

[Event "ICC tourney 3188 (40 10)"]
[Site "Internet Chess Club"]
[Date "2023.05.06"]
[Round "4"]
[White "Cheng, Samuel:Samuel1001"]
[Black "DINESH, ABINAV:abi2009"]
[Result "0-1"]
[ICCResult "White resigns"]
[WhiteElo "1759"]
[BlackElo "1966"]
[Opening "Benoni: classical with e4 and Nf3"]
[ECO "A70"]
[NIC "BI.20"]
[Time "17:45:11"]
[PlyCount "70"]
[TimeControl "2400+10"]

1. d4 Nf6 2. c4 c5 3. d5 e6 4. Nc3 exd5 5. cxd5 d6 6. e4 g6 7. Nf3 Bg7 8.
Bd3 O-O 9. O-O Re8 10. Re1 Nbd7 11. Bf4 Ne5 12. Nxe5 dxe5 13. Be3 b6 14. Qb3
Ng4 15. Bb5 Rf8 16. Bc6 Rb8 17. f3 Nxe3 18. Rxe3 a6 19. Rd1 Qd6 20. a4 Rd8
21. Qc4 Bf8 22. Nb1 Qc7 23. Ra3 Bb7 24. Bxb7 Qxb7 25. Nd2 b5 26. axb5 axb5
27. Qa2 c4 28. Ra7 Bc5+ 29. Kh1 Qxa7 30. Qb1 Ra8 31. Nf1 Qa2 32. Qc1 Bd4 33.
Qh6 Qb3 34. Re1 Qxb2 35. Qg5 Qf2 {White resigns} 0-1

[Event "ICC tourney 3188 (40 10)"]
[Site "Internet Chess Club"]
[Date "2023.05.06"]
[Round "4"]
[White "SHEEHAN, ETHAN THOMAS:Chessking2008"]
[Black "Volkov, Sergey:Volkov"]
[Result "0-1"]
[ICCResult "White resigns"]
[WhiteElo "2317"]
[BlackElo "2503"]
[Opening "French: Steinitz, Boleslavsky variation"]
[ECO "C11"]
[NIC "FR.04"]
[Time "17:45:19"]
[PlyCount "58"]
[TimeControl "2400+10"]

1. e4 e6 2. d4 d5 3. Nc3 Nf6 4. e5 Nfd7 5. f4 c5 6. Nf3 Nc6 7. Be3 a6 8. Qd2
b5 9. dxc5 Bxc5 10. Bxc5 Nxc5 11. O-O-O Qb6 12. Nd4 Nxd4 13. Qxd4 b4 14. Ne2
a5 15. Kb1 Ba6 16. f5 Bxe2 17. Bxe2 exf5 18. e6 fxe6 19. Bh5+ Kf8 20. g4 Nd7
21. Qxb6 Nxb6 22. Rhe1 g6 23. Rxe6 Rb8 24. Rde1 gxh5 25. g5 Rg8 26. h4 Rg7
27. b3 f4 28. Rh6 Kg8 29. Ree6 Nd7 {White resigns} 0-1

[Event "ICC tourney 3188 (40 10)"]
[Site "Internet Chess Club"]
[Date "2023.05.06"]
[Round "4"]
[White "XIA, JOSHUA:MathMonkey"]
[Black "INDUKURI, SUHAS VARMA:Suhas12"]
[Result "0-1"]
[ICCResult "White checkmated"]
[WhiteElo "1997"]
[BlackElo "1832"]
[Opening "Sicilian: Kan, 5.Bd3"]
[ECO "B42"]
[NIC "SI.42"]
[Time "17:45:07"]
[PlyCount "132"]
[TimeControl "2400+10"]

1. e4 c5 2. Nf3 e6 3. d4 cxd4 4. Nxd4 a6 5. Bd3 Nc6 6. Nxc6 bxc6 7. O-O d5
8. Nc3 Bd6 9. Re1 Ne7 10. e5 Bc7 11. Bg5 h6 12. Bh4 Rb8 13. f4 Rxb2 14. Qg4
Kf8 15. Ne2 c5 16. Ng3 c4 17. Nh5 g6 18. Bf6 Rg8 19. Qh4 cxd3 20. Ng7 h5 21.
Qg5 Rxg7 22. Qh6 Nf5 23. Bxg7+ Ke8 24. Qh8+ Kd7 25. Qxd8+ Bxd8 26. Bf8 Bb6+
27. Kh1 d2 28. Red1 Ba5 29. Bc5 d4 30. Kg1 Ne3 31. Bxd4 Nxd1 32. Rxd1 Rxc2
33. Kf2 Rc1 34. Ke2 Bb7 35. Be3 Rxd1 36. Kxd1 Bxg2 37. Bxd2 Bxd2 38. Kxd2
Bd5 39. a3 Kc6 40. Kd3 Kb5 41. Kc3 Ka4 42. Kb2 Bb3 43. h4 a5 44. Kb1 Kxa3
45. Ka1 Bd1 46. Kb1 Kb3 47. Ka1 a4 48. Kb1 a3 49. Ka1 Kb4 50. Ka2 Bb3+ 51.
Ka1 a2 52. Kb2 Kc4 53. Ka1 Kd4 54. Kb2 Ke4 55. Ka1 Kxf4 56. Kb2 Kxe5 57. Ka1
f5 58. Kb2 f4 59. Ka1 f3 60. Kb2 f2 61. Ka1 f1=Q+ 62. Kb2 a1=Q+ 63. Kxb3
Qd3+ 64. Kb4 Qc2 65. Kb5 Qab1+ 66. Ka5 Qca2# {White checkmated} 0-1

[Event "ICC tourney 3188 (40 10)"]
[Site "Internet Chess Club"]
[Date "2023.05.06"]
[Round "4"]
[White "JIN, JERRY:MysteryHunter"]
[Black "VALE CRUZ, ARMIN:trucker"]
[Result "0-1"]
[ICCResult "White resigns"]
[WhiteElo "1918"]
[BlackElo "1784"]
[Opening "Caro-Kann: two knights variation"]
[ECO "B11"]
[NIC "CK.01"]
[Time "17:45:23"]
[PlyCount "68"]
[TimeControl "2400+10"]

1. e4 c6 2. Nc3 d5 3. Nf3 dxe4 4. Nxe4 Nf6 5. Nxf6+ exf6 6. d4 Bd6 7. Bd3
O-O 8. O-O Bg4 9. h3 Bh5 10. c3 Nd7 11. Re1 Qb6 12. Be2 Rfe8 13. b3 Re7 14.
Be3 Rae8 15. Nh4 Bxe2 16. Qxe2 g6 17. Qd2 Qa5 18. Nf3 Nb6 19. Qd3 Nd5 20. c4
Nf4 21. Qd2 Bb4 22. Qc2 Bxe1 23. Bxf4 Re2 24. Qd3 Bxf2+ 25. Kh2 g5 26. Be5
Re3 27. Qc2 fxe5 28. Qxf2 exd4 29. Qg3 d3 30. Qg4 h6 31. b4 Qxb4 32. Nxg5
Qd6+ 33. Kg1 hxg5 34. Qxg5+ Qg6 {White resigns} 0-1

[Event "ICC tourney 3188 (40 10)"]
[Site "Internet Chess Club"]
[Date "2023.05.06"]
[Round "4"]
[White "KOEHL, EVAN:MacAndSneeze"]
[Black "Ozturk, Serkan:Serkanozt77"]
[Result "1-0"]
[ICCResult "Black resigns"]
[WhiteElo "2037"]
[BlackElo "1844"]
[Opening "Scotch: Mieses variation"]
[ECO "C45"]
[NIC "SO.04"]
[Time "17:45:05"]
[PlyCount "93"]
[TimeControl "2400+10"]

1. e4 e5 2. Nf3 Nc6 3. d4 exd4 4. Nxd4 Nf6 5. Nxc6 bxc6 6. e5 Nd5 7. c4 Nb6
8. Be3 Bb4+ 9. Nc3 O-O 10. Qd2 d5 11. exd6 cxd6 12. a3 Bxc3 13. Qxc3 Re8 14.
O-O-O Be6 15. h4 d5 16. h5 Qe7 17. h6 Qf6 18. Qxf6 gxf6 19. Bd4 dxc4 20.
Bxf6 Bf5 21. Rh4 Re6 22. Bg7 Re4 23. Rxe4 Bxe4 24. Rd4 f5 25. g4 c5 26. Rxc4
Kf7 27. Rxc5 fxg4 28. Be2 Rc8 29. Rxc8 Nxc8 30. Bxg4 Nb6 31. f3 Bg6 32. f4
Be4 33. Kd2 Nd5 34. f5 a5 35. b3 Ne7 36. Bh5+ Kg8 37. f6 Ng6 38. Be2 Ne5 39.
Bc4+ Nf7 40. Ke3 Bc6 41. Kd4 a4 42. b4 Bd7 43. Bxf7+ Kxf7 44. Kc5 Ke8 45. b5
Be6 46. Kb6 Kd8 47. Ka7 {Black resigns} 1-0

[Event "ICC tourney 3188 (40 10)"]
[Site "Internet Chess Club"]
[Date "2023.05.06"]
[Round "4"]
[White "LU, JOSHUA:qingjoshua"]
[Black "YAN, RUIYANG:jy2020"]
[Result "0-1"]
[ICCResult "White resigns"]
[WhiteElo "2095"]
[BlackElo "2352"]
[Opening "English: Neo-Catalan declined"]
[ECO "A14"]
[NIC "RE.09"]
[Time "17:45:07"]
[PlyCount "68"]
[TimeControl "2400+10"]

1. c4 Nf6 2. g3 e6 3. Bg2 d5 4. Nf3 Be7 5. O-O O-O 6. b3 d4 7. e3 c5 8. exd4
cxd4 9. d3 Nc6 10. Ba3 e5 11. Re1 Bd6 12. Bxd6 Qxd6 13. a3 a5 14. Nbd2 Bf5
15. Qe2 Rfe8 16. Ng5 Qe7 17. Nde4 Nd7 18. Bh3 Bg6 19. Bxd7 Qxd7 20. h4 h6
21. h5 Bf5 22. Nc5 Qe7 23. Nge4 Bh7 24. g4 Rf8 25. Na4 f5 26. Ng3 Qg5 27.
Nb6 Rae8 28. Nd7 Rf7 29. Nc5 b6 30. Na4 f4 31. Ne4 Bxe4 32. Qxe4 f3 33. Qg6
Qh4 34. Qxc6 Qxg4+ {White resigns} 0-1

[Event "ICC tourney 3188 (40 10)"]
[Site "Internet Chess Club"]
[Date "2023.05.06"]
[Round "4"]
[White "MAMMADOV, ZAUR:zaur94"]
[Black "IVANOV, ALEXANDER:marble"]
[Result "1/2-1/2"]
[ICCResult "Game drawn by mutual agreement"]
[WhiteElo "2541"]
[BlackElo "2488"]
[Opening "Giuoco Piano"]
[ECO "C54"]
[NIC "IG.02"]
[Time "17:45:08"]
[PlyCount "61"]
[TimeControl "2400+10"]

1. e4 e5 2. Nf3 Nc6 3. Bc4 Bc5 4. c3 Nf6 5. d4 exd4 6. e5 d5 7. Bb5 Ne4 8.
cxd4 Bb6 9. Nc3 O-O 10. Be3 Bg4 11. h3 Bh5 12. Qc2 Bg6 13. Qa4 Ne7 14. O-O
c6 15. Be2 Nf5 16. Bf4 Nh4 17. Rad1 Nxf3+ 18. Bxf3 Qh4 19. Be3 f5 20. Ne2
Nc5 21. Qb4 Ne6 22. Kh2 Ng5 23. Bxg5 Qxg5 24. g3 f4 25. a4 fxg3+ 26. fxg3
Qe3 27. Ng1 Bc2 28. Qd2 Qxd2+ 29. Rxd2 Bxa4 30. Kg2 Bb5 31. Ra1
{Game drawn by mutual agreement}
1/2-1/2

[Event "ICC tourney 3188 (40 10)"]
[Site "Internet Chess Club"]
[Date "2023.05.06"]
[Round "4"]
[White "GHOSH, YOHAN:luckylion"]
[Black "ZHUGE, KATHERINE:FlowingMelody"]
[Result "1-0"]
[ICCResult "Black resigns"]
[WhiteElo "1845"]
[BlackElo "1562"]
[Opening "Sicilian: Anderssen variation"]
[ECO "B41"]
[NIC "SI.41"]
[Time "17:45:13"]
[PlyCount "73"]
[TimeControl "2400+10"]

1. e4 c5 2. Nf3 e6 3. d4 cxd4 4. Nxd4 Nf6 5. Nc3 Nc6 6. Ndb5 d6 7. Bf4 e5 8.
Be3 a6 9. Na3 b5 10. Nd5 Rb8 11. Nxf6+ Qxf6 12. c4 b4 13. Nc2 a5 14. b3 Be7
15. Be2 O-O 16. O-O Bb7 17. f3 Qg6 18. Bf2 Kh8 19. Ne3 Bc8 20. Bd3 Bh3 21.
Kh1 Be6 22. Nd5 Bg5 23. g3 f5 24. f4 Bd8 25. fxe5 dxe5 26. Bc5 Rf7 27. exf5
Bxf5 28. Rxf5 Rxf5 29. Qc2 Qh5 30. Bxf5 Qf3+ 31. Kg1 g6 32. Rf1 Qh5 33. Be6
Bg5 34. Qd1 Qh6 35. Qf3 Rd8 36. Bf8 Qh5 37. Qf7 {Black resigns} 1-0

[Event "ICC tourney 3188 (40 10)"]
[Site "Internet Chess Club"]
[Date "2023.05.06"]
[Round "4"]
[White "ARUTLA, ADITYA:adiaru27"]
[Black "Belous, Vladimir:Openyagami"]
[Result "1/2-1/2"]
[ICCResult "Game drawn by mutual agreement"]
[WhiteElo "2096"]
[BlackElo "2594"]
[Opening "Sicilian: Labourdonnais-Löwenthal (Kalashnikov) variation"]
[ECO "B32"]
[NIC "SI.32"]
[Time "17:45:22"]
[PlyCount "201"]
[TimeControl "2400+10"]

1. e4 c5 2. Nf3 Nc6 3. d4 cxd4 4. Nxd4 e5 5. Nb5 d6 6. c4 Be7 7. N1c3 a6 8.
Na3 f5 9. exf5 Bxf5 10. Bd3 Be6 11. O-O Nf6 12. Nc2 O-O 13. Ne3 Nd4 14. Ned5
Nxd5 15. Nxd5 Bxd5 16. cxd5 Bg5 17. Qh5 h6 18. Be3 Qf6 19. Bxd4 exd4 20.
Rae1 Qf7 21. Qxf7+ Kxf7 22. f4 Bf6 23. Re6 Rfd8 24. g4 Rac8 25. g5 Be7 26.
gxh6 gxh6 27. Rxh6 Rh8 28. Rxh8 Rxh8 29. Rf2 Kf6 30. Kg2 Bd8 31. Re2 Ba5 32.
Re6+ Kf7 33. Rxd6 Bd2 34. Rd7+ Kf6 35. Rxb7 Bxf4 36. Bxa6 Rxh2+ 37. Kf3 Bd6
38. Bd3 Ke5 39. Rh7 Rxb2 40. Rh5+ Kf6 41. Ke4 Bc5 42. Rh6+ Ke7 43. Rc6 Bb6
44. a4 Rb3 45. a5 Bxa5 46. Kxd4 Ra3 47. Ra6 Bc3+ 48. Ke4 Rb3 49. Ra7+ Kd6
50. Ra6+ Kc7 51. Rc6+ Kd7 52. Bb5 Ba5 53. Ba4 Ra3 54. Bb5 Ke7 55. Re6+ Kf7
56. Ra6 Ra1 57. d6 Ke6 58. d7+ Ke7 59. Ra8 Re1+ 60. Kd3 Bd8 61. Ra2 Kd6 62.
Ra8 Ke7 63. Ra2 Rb1 64. Kc4 Rc1+ 65. Kd5 Rd1+ 66. Kc4 Ke6 67. Re2+ Kd6 68.
Re3 Kc7 69. Re6 Rc1+ 70. Kb3 Kb7 71. Rc6 Rd1 72. Re6 Bc7 73. Kc4 Bb6 74. Re7
Rc1+ 75. Kb3 Bd8 76. Re6 Rg1 77. Kc4 Rg5 78. Rh6 Re5 79. Rg6 Re1 80. Rh6
Rc1+ 81. Kb3 Rc5 82. Kb4 Rg5 83. Kc4 Be7 84. Re6 Rg4+ 85. Kc3 Bd8 86. Rh6
Rf4 87. Rg6 Rh4 88. Re6 Kc7 89. Rc6+ Kb7 90. Rc8 Bf6+ 91. Kb3 Rd4 92. Rf8
Bh4 93. Rh8 Be7 94. Re8 Bh4 95. Rh8 Kc7 96. Rc8+ Kb6 97. Rh8 Be7 98. Re8 Bh4
99. Rh8 Kxb5 100. Rxh4 Rxd7 101. Rh5+ {Game drawn by mutual agreement}
1/2-1/2

[Event "ICC tourney 3188 (40 10)"]
[Site "Internet Chess Club"]
[Date "2023.05.06"]
[Round "5"]
[White "SHERNOFF, LEON:LeonShernoff"]
[Black "ZHAO, DANSON:K01-30127679"]
[Result "1-0"]
[ICCResult "Black resigns"]
[WhiteElo "1924"]
[BlackElo "1588"]
[Opening "English opening"]
[ECO "A20"]
[NIC "EO.24"]
[Time "20:00:24"]
[PlyCount "49"]
[TimeControl "2400+10"]

1. c4 e5 2. g3 f5 3. Bg2 Nf6 4. Nc3 Nc6 5. e3 d6 6. d4 exd4 7. exd4 Be7 8.
Nf3 O-O 9. O-O a6 10. Re1 Re8 11. d5 Nb8 12. Nd4 Nbd7 13. Ne6 Rf8 14. Nxd8
Bxd8 15. Be3 Ne5 16. b3 Nfg4 17. Bd4 Bf6 18. h3 Nh6 19. f4 Nd7 20. Bxf6 Nxf6
21. Re7 Bd7 22. Qd3 Nf7 23. Rae1 g6 24. Qd4 Kg7 25. Rxd7 {Black resigns} 1-0

[Event "ICC tourney 3188 (40 10)"]
[Site "Internet Chess Club"]
[Date "2023.05.06"]
[Round "5"]
[White "MARKOVIC, GORAN:Goran21"]
[Black "INDUKURI, SUHAS VARMA:Suhas12"]
[Result "0-1"]
[ICCResult "White resigns"]
[WhiteElo "2049"]
[BlackElo "1832"]
[Opening "Caro-Kann: anti-Caro-Kann defense"]
[ECO "A11"]
[NIC "EO.64"]
[Time "20:00:16"]
[PlyCount "80"]
[TimeControl "2400+10"]

1. c4 c6 2. e4 e6 3. Nf3 d5 4. exd5 cxd5 5. d4 Nc6 6. Nc3 Nf6 7. Bd3 Be7 8.
O-O O-O 9. a3 b6 10. cxd5 exd5 11. h3 Bb7 12. Re1 Bd6 13. Bg5 Be7 14. Bc2 h6
15. Bh4 Re8 16. Qd3 g6 17. Rxe7 Nxe7 18. Bxf6 Qd7 19. Qd2 Kh7 20. Re1 Nf5
21. Ne5 Qe6 22. Bxf5 Qxf5 23. Bh4 f6 24. Ng4 g5 25. Rxe8 Rxe8 26. Nb5 Qg6
27. Nd6 Re7 28. Nxb7 gxh4 29. Nd6 f5 30. Nxf5 Qxf5 31. Qxh6+ Kg8 32. Ne3 Qe4
33. Qf6 Rf7 34. Qd8+ Kh7 35. Ng4 Qf4 36. Qxh4+ Kg7 37. Qd8 Qc1+ 38. Kh2 Qf4+
39. g3 Qd2 40. Qg5+ Qxg5 {White resigns} 0-1

[Event "ICC tourney 3188 (40 10)"]
[Site "Internet Chess Club"]
[Date "2023.05.06"]
[Round "5"]
[White "GHOSH, PRARTHAN:PRGHO296"]
[Black "CHINNI, RISHABH:alphachesplayer"]
[Result "0-1"]
[ICCResult "White resigns"]
[WhiteElo "1822"]
[BlackElo "1987"]
[Opening "Queen's pawn game"]
[ECO "A46"]
[NIC "QP.05"]
[Time "20:00:11"]
[PlyCount "60"]
[TimeControl "2400+10"]

1. d4 Nf6 2. Nf3 e6 3. Bf4 d5 4. e3 c5 5. c3 Nc6 6. Nbd2 Bd6 7. Ne5 Qc7 8.
Ndf3 c4 9. h4 Ne4 10. Nxc6 Bxf4 11. Nce5 Bxe5 12. dxe5 Bd7 13. Qd4 Qb6 14.
Rb1 Qa5 15. a3 b5 16. Nd2 Nxd2 17. Qxd2 Qb6 18. Be2 a5 19. O-O O-O 20. Qd4
Qxd4 21. exd4 b4 22. b3 cxb3 23. Rxb3 Ba4 24. Rbb1 bxc3 25. Bb5 c2 26. Bxa4
cxb1=Q 27. Rxb1 Rab8 28. Rb5 Rxb5 29. Bxb5 Rc8 30. a4 Rc2 {White resigns}
0-1

[Event "ICC tourney 3188 (40 10)"]
[Site "Internet Chess Club"]
[Date "2023.05.06"]
[Round "5"]
[White "LIU, PATRICK PEIJUN:JunlinTheWorld"]
[Black "WILLY, STEPHEN:stephenwilly"]
[Result "1-0"]
[ICCResult "Black resigns"]
[WhiteElo "2203"]
[BlackElo "2118"]
[Opening "Catalan opening"]
[ECO "E00"]
[NIC "EO.45"]
[Time "20:00:06"]
[PlyCount "39"]
[TimeControl "2400+10"]

1. d4 Nf6 2. c4 e6 3. g3 c5 4. Nf3 cxd4 5. Nxd4 Nc6 6. Bg2 a6 7. O-O g6 8.
Bf4 Qe7 9. Nc3 e5 10. Nxc6 dxc6 11. Bg5 Bg7 12. Ne4 Be6 13. f4 Rd8 14. Qb3
exf4 15. Rxf4 Bf5 16. g4 Bxe4 17. Rxe4 Qxe4 18. Bxe4 Nxe4 19. Bxd8 Nc5 20.
Qd1 {Black resigns} 1-0

[Event "ICC tourney 3188 (40 10)"]
[Site "Internet Chess Club"]
[Date "2023.05.06"]
[Round "5"]
[White "IVANOV, ALEXANDER:marble"]
[Black "YAN, RUIYANG:jy2020"]
[Result "1-0"]
[ICCResult "Black resigns"]
[WhiteElo "2488"]
[BlackElo "2352"]
[Opening "Sicilian: Najdorf, Adams attack"]
[ECO "B90"]
[NIC "SI.14"]
[Time "20:00:06"]
[PlyCount "63"]
[TimeControl "2400+10"]

1. e4 c5 2. Nf3 d6 3. d4 cxd4 4. Nxd4 Nf6 5. Nc3 a6 6. h3 e5 7. Nde2 Be6 8.
g4 Be7 9. Bg2 O-O 10. Ng3 b5 11. O-O Nbd7 12. Nf5 Nb6 13. f4 b4 14. Nxe7+
Qxe7 15. Nd5 Bxd5 16. exd5 e4 17. Qd4 Qc7 18. Qxb4 Rfe8 19. Qd4 h6 20. b3
Nfxd5 21. Bb2 f5 22. c4 Nf6 23. g5 Nh5 24. gxh6 Re6 25. hxg7 Rg6 26. Rac1
Qd8 27. Rf2 Rb8 28. c5 dxc5 29. Rxc5 Rd6 30. Qe5 Rd1+ 31. Kh2 Qd7 32. Qxb8+
{Black resigns}
1-0

[Event "ICC tourney 3188 (40 10)"]
[Site "Internet Chess Club"]
[Date "2023.05.06"]
[Round "5"]
[White "Pendse, Vihaan:awakeprize"]
[Black "XIA, JOSHUA:MathMonkey"]
[Result "0-1"]
[ICCResult "White resigns"]
[WhiteElo "2007"]
[BlackElo "1997"]
[Opening "Queen's pawn: Chigorin variation"]
[ECO "D00"]
[NIC "VO.15"]
[Time "20:00:13"]
[PlyCount "98"]
[TimeControl "2400+10"]

1. Nc3 d5 2. d4 Nf6 3. Bf4 g6 4. Nf3 Bg7 5. e3 O-O 6. Be2 c5 7. dxc5 Nc6 8.
O-O Bf5 9. Ne5 Rc8 10. g4 Be6 11. Nxc6 bxc6 12. Ba6 Bxg4 13. f3 Bh3 14. Re1
Nd7 15. Bxc8 Qxc8 16. Na4 e5 17. Bg3 Be6 18. Rb1 f5 19. b4 g5 20. Qe2 Bf7
21. Nb2 h5 22. h4 g4 23. fxg4 hxg4 24. Nd3 Re8 25. Rf1 f4 26. Qf2 f3 27. Qh2
e4 28. Nf2 Ne5 29. h5 Nc4 30. Bf4 Qf5 31. h6 Bf6 32. h7+ Kh8 33. Qg3 Be6 34.
Rbd1 Re7 35. Nh1 Rxh7 36. Qf2 Bh4 37. Ng3 Qf6 38. Rd4 Kg8 39. Rxc4 dxc4 40.
Qd2 Bd5 41. c3 Qh8 42. Nf5 Bf6 43. Ng3 Bxc3 44. Qc2 Be5 45. Rf2 Bxf4 46.
exf4 Rh3 47. Rh2 Rxg3+ 48. Kh1 Qd4 49. Qc1 e3 {White resigns} 0-1

[Event "ICC tourney 3188 (40 10)"]
[Site "Internet Chess Club"]
[Date "2023.05.06"]
[Round "5"]
[White "Volkov, Sergey:Volkov"]
[Black "MAMMADOV, ZAUR:zaur94"]
[Result "1/2-1/2"]
[ICCResult "Game drawn by repetition"]
[WhiteElo "2503"]
[BlackElo "2541"]
[Opening "QGA: 3.e4"]
[ECO "D20"]
[NIC "QG.04"]
[Time "20:00:03"]
[PlyCount "70"]
[TimeControl "2400+10"]

1. d4 d5 2. c4 dxc4 3. e4 e5 4. Nf3 exd4 5. Bxc4 Nc6 6. O-O Be6 7. Bb5 Bc5
8. b4 Bb6 9. a4 a6 10. Bxc6+ bxc6 11. a5 Ba7 12. Bb2 Nf6 13. Bxd4 Bxd4 14.
Nxd4 O-O 15. Nxc6 Qe8 16. Qc2 Bd7 17. Rc1 Nxe4 18. Na3 h6 19. b5 Bxc6 20.
bxc6 Nd6 21. Re1 Qd8 22. Nc4 Nb5 23. Rad1 Qf6 24. Ne5 Rfe8 25. Qc5 Re6 26.
Nd7 Rxe1+ 27. Rxe1 Qd4 28. Qe7 Qc3 29. h4 Nd6 30. h5 Qxc6 31. Re5 Qc1+ 32.
Kh2 Qf4+ 33. Kg1 Qc1+ 34. Kh2 Qf4+ 35. Kg1 Qc1+ {Game drawn by repetition}
1/2-1/2

[Event "ICC tourney 3188 (40 10)"]
[Site "Internet Chess Club"]
[Date "2023.05.06"]
[Round "5"]
[White "DINESH, ABINAV:abi2009"]
[Black "ARUTLA, ADITYA:adiaru27"]
[Result "0-1"]
[ICCResult "White resigns"]
[WhiteElo "1966"]
[BlackElo "2096"]
[Opening "Ruy Lopez: Berlin defense, open variation"]
[ECO "C67"]
[NIC "RL.07"]
[Time "20:00:07"]
[PlyCount "142"]
[TimeControl "2400+10"]

1. e4 e5 2. Nf3 Nc6 3. Bb5 Nf6 4. O-O Nxe4 5. d4 Nd6 6. Bxc6 dxc6 7. dxe5
Nf5 8. Qxd8+ Kxd8 9. Nc3 Ke8 10. Bf4 Be6 11. Rfd1 Bb4 12. Ne2 Bd5 13. Ned4
Nxd4 14. Nxd4 Rc8 15. c3 Bc5 16. Nf5 Rg8 17. Be3 Bf8 18. f3 Be6 19. Nd4 c5
20. Nxe6 fxe6 21. c4 Be7 22. Kf2 Kf7 23. Rd7 Rgd8 24. Rad1 Rxd7 25. Rxd7 Ke8
26. Rd3 Rd8 27. Rb3 b6 28. Ra3 a5 29. Ke2 Kf7 30. Rd3 Kg6 31. g4 h5 32. h3
hxg4 33. hxg4 Rh8 34. Rd7 Rh2+ 35. Kd3 Bh4 36. Rxc7 Rxb2 37. Rc6 Kf7 38.
Rc7+ Kg6 39. Rc6 Kf7 40. Rc7+ Kg6 41. Rb7 Bf2 42. Bxf2 Rxf2 43. Rxb6 Rxf3+
44. Ke4 Rc3 45. Rxe6+ Kf7 46. Ra6 Rxc4+ 47. Kf5 g6+ 48. Kg5 Re4 49. Ra7+ Ke6
50. Rxa5 c4 51. Kxg6 Rxg4+ 52. Kh5 Re4 53. Ra8 Kxe5 54. Rc8 Kd4 55. Kg5 c3
56. Kf5 Re2 57. Kf4 Rxa2 58. Kf3 Kd3 59. Rd8+ Kc2 60. Rc8 Ra7 61. Ke2 Re7+
62. Kf2 Kd2 63. Rd8+ Kc1 64. Rc8 c2 65. Rb8 Re5 66. Rb7 Kd2 67. Rd7+ Kc3 68.
Rc7+ Kd3 69. Rd7+ Kc4 70. Rc7+ Rc5 71. Rxc5+ Kxc5 {White resigns} 0-1

[Event "ICC tourney 3188 (40 10)"]
[Site "Internet Chess Club"]
[Date "2023.05.06"]
[Round "5"]
[White "KOEHL, EVAN:MacAndSneeze"]
[Black "SHEEHAN, ETHAN THOMAS:Chessking2008"]
[Result "1/2-1/2"]
[ICCResult "Game drawn by the 50 move rule"]
[WhiteElo "2037"]
[BlackElo "2317"]
[Opening "Sicilian: Canal-Sokolsky attack, Sokolsky variation"]
[ECO "B52"]
[NIC "SI.01"]
[Time "20:00:04"]
[PlyCount "212"]
[TimeControl "2400+10"]

1. e4 c5 2. Nf3 d6 3. Bb5+ Bd7 4. Bxd7+ Qxd7 5. c4 e5 6. O-O Nc6 7. Nc3 g6
8. d3 Bg7 9. a3 Nge7 10. Rb1 O-O 11. b4 f5 12. Bg5 Nc8 13. b5 Nd4 14. Nxd4
cxd4 15. Nd5 fxe4 16. dxe4 Nb6 17. Qd3 Kh8 18. Bd2 Rac8 19. Rfc1 h5 20. Ba5
Na4 21. Bb4 Kh7 22. Qb3 Nc5 23. Bxc5 dxc5 24. a4 Rf7 25. a5 Rcf8 26. Rf1 g5
27. Qg3 Qd8 28. f3 Kh6 29. Qh3 Qd6 30. Ra1 Bf6 31. a6 b6 32. Kf2 Bg7 33. Ke2
Qg6 34. g4 h4 35. Qg2 Rd8 36. Rac1 Rfd7 37. Ke1 Re8 38. Qd2 Rc8 39. Qd3 Bf8
40. Ke2 Bd6 41. h3 Qf7 42. Qd2 Bb8 43. Rf2 Rf8 44. Rff1 Qe8 45. Qd3 Rff7 46.
Rf2 Rf8 47. Rff1 Qf7 48. Qd2 Qg6 49. Qd3 Rd6 50. Rf2 Re8 51. Rff1 Qf7 52.
Qd2 Qd7 53. Qd3 Rf8 54. Rf2 Qf7 55. Qd2 Rxd5 56. cxd5 Rc8 57. Rc4 Kg6 58.
Rf1 Bd6 59. Rf2 Rf8 60. Rf1 Qe8 61. Qb2 Rf4 62. Rf2 Kg7 63. Rf1 Qg6 64. Qc2
Kf7 65. Rf2 Ke7 66. Rf1 Qe8 67. Qb2 Kf6 68. Rf2 Kg6 69. Rf1 Kh6 70. Rf2 Rf8
71. Rf1 Qf7 72. Qd2 Qd7 73. Qb2 Qe8 74. Rf2 Qg6 75. Rf1 Rf4 76. Qc2 Qe8 77.
Qb2 Qf8 78. Rf2 Rf7 79. Rf1 Rg7 80. Qd2 Qf6 81. Rf2 Rf7 82. Rf1 Qd8 83. Rf2
Qe8 84. Qb2 Bb8 85. Rf1 Rd7 86. Qb1 Rd8 87. Rf2 Qg6 88. Qc2 Kh7 89. Rf1 Kh6
90. Rf2 Qe8 91. Qb1 Rd6 92. Rf1 Qg6 93. Qc2 Qf7 94. Qc1 Rf6 95. Qc2 Rd6 96.
Qc1 Qd7 97. Qb1 Qe8 98. Rf2 Qf8 99. Qc1 Bc7 100. Rf1 Qg8 101. Qc2 Qh7 102.
Qd3 Qd7 103. Rc2 Rf6 104. Rf2 Bd6 105. Rf1 Rf8 106. Rf2 Rc8
{Game drawn by the 50 move rule}
1/2-1/2

[Event "ICC tourney 3188 (40 10)"]
[Site "Internet Chess Club"]
[Date "2023.05.06"]
[Round "5"]
[White "VALE CRUZ, ARMIN:trucker"]
[Black "Pan, Zachary:panfeng1"]
[Result "1-0"]
[ICCResult "Black checkmated"]
[WhiteElo "1784"]
[BlackElo "1726"]
[Opening "Sicilian: Anderssen variation"]
[ECO "B41"]
[NIC "SI.41"]
[Time "20:00:24"]
[PlyCount "79"]
[TimeControl "2400+10"]

1. e4 c5 2. Nf3 e6 3. d4 cxd4 4. Nxd4 Nf6 5. Nc3 Nc6 6. Bf4 a6 7. e5 Ng8 8.
Nxc6 bxc6 9. Ne4 Qa5+ 10. c3 Qd5 11. Bd3 a5 12. Qe2 f5 13. exf6 Nxf6 14. O-O
Nxe4 15. Bxe4 Ba6 16. Qf3 Qc5 17. Be3 Qb5 18. Rfe1 O-O-O 19. a4 Qb7 20. b4
axb4 21. cxb4 d5 22. Bc2 Bxb4 23. Reb1 Qe7 24. Qg4 Bc3 25. Bg5 Bf6 26. Bxf6
gxf6 27. Rb6 Bb7 28. a5 Rd7 29. a6 Ba8 30. Rab1 Kc7 31. Qa4 Qc5 32. Qf4+ Qd6
33. Qxf6 Rf8 34. Qc3 Qf4 35. f3 Qc4 36. Qe5+ Kd8 37. Rb8+ Ke7 38. Rxf8 Kxf8
39. Qf6+ Rf7 40. Rb8# {Black checkmated} 1-0